 Dungeon Sprint DCSS version 0.30.1-4-g462c640d31 (webtiles) character file.

Game seed: 1930585126601973917

3013 Heoruswealwe the Skirmisher (level 9, -13/78 HPs)
             Began as a Gnoll Hunter on Sept 18, 2023.
             Mangled by a deep elf knight
             ... wielding a +0 scimitar
              (24 damage)
             ... in the Dungeon (Sprint V: "Ziggurat Sprint").
             The game lasted 00:09:48 (376 turns).

Heoruswealwe the Skirmisher (Gnoll Hunter)           Turns: 376, Time: 00:09:48

Health: -13/78     AC:  4    Str: 11    XL:     9   Next: 85%
Magic:  21/21      EV: 23    Int:  9    God:
Gold:   0          SH:  0    Dex: 31    Spells: 25/25 levels left

rFire   . . .        b - +27 heavy crossbow "Sniper" {heavy, Acc+∞ SInv}
rCold   . . .        (shield currently unavailable)
rNeg    + . .        c - +2 robe {rN+}
rPois   .            (no helmet)
rElec   .            (no cloak)
rCorr   .            (no gloves)
SInv    +            (no boots)
Will    .....        (no amulet)
Stlth   ++           k - +6 ring of dexterity
HPRegen 0.33/turn    j - +6 ring of dexterity
MPRegen 0.17/turn

%: no teleportation
@: on fire, glowing, studying Unarmed Combat
A: fangs 1, strong nose, distributed training
a: no special abilities


You were in the Dungeon.
You visited 1 branch

Inventory:

Hand Weapons
 a - the +11 Singing Sword {sonic wave}
   (You found it in the Dungeon)
 b - the +27 heavy crossbow "Sniper" (weapon) {heavy, Acc+∞ SInv}
   (You found it in the Dungeon)

   Acc+∞: It never misses its target.
   SInv:      It lets you see invisible.
 g - the +8 storm bow {elec, penet}
   (You found it in the Dungeon)
Armour
 c - a +2 robe of positive energy (worn)
Jewellery
 j - a +6 ring of dexterity (right hand)
 k - a +6 ring of dexterity (left hand)
 u - a ring of flight
Wands
 s - a wand of mindburst (7)
 t - a wand of light (7)
 B - a wand of charming (13)
Scrolls
 h - a scroll of brand weapon
 i - 4 scrolls of blinking
Potions
 d - 10 potions of curing
 e - 8 potions of heal wounds
 f - 6 potions of haste
 l - 4 potions of resistance
 n - 5 potions of might
 w - 2 potions of invisibility


   Skills:
 + Level 9.7 Fighting
 + Level 8.5 Short Blades
 + Level 8.5 Long Blades
 + Level 8.5 Axes
 + Level 8.5 Maces & Flails
 + Level 8.5 Polearms
 + Level 8.5 Staves
 + Level 11.9 Ranged Weapons
 + Level 8.5 Throwing
 + Level 8.5 Armour
 + Level 9.7 Dodging
 + Level 8.9 Stealth
 + Level 8.5 Shields
 + Level 9.5 Unarmed Combat
 + Level 8.5 Spellcasting
 + Level 7.1 Conjurations
 + Level 7.1 Hexes
 + Level 7.1 Summonings
 + Level 7.1 Necromancy
 + Level 7.1 Translocations
 + Level 7.1 Transmutations
 + Level 7.1 Fire Magic
 + Level 7.1 Ice Magic
 + Level 7.1 Air Magic
 + Level 7.1 Earth Magic
 + Level 7.1 Poison Magic
 + Level 9.3 Invocations
 + Level 8.5 Evocations


You had 25 spell levels left.
You didn't know any spells.
Your spell library contained the following spells:

 Spells                   Type           Power      Damage    Failure   Level
 Shock                    Conj/Air       64%        1d7       1%          1
 Lesser Beckoning         Tloc           32%        N/A       1%          2
 Gell's Gravitas          Tloc           16%        N/A       2%          3
 Hailstorm                Conj/Ice       16%        3d6       2%          3
 Swiftness                Air            16%        N/A       2%          3
 Teleport Other           Tloc           16%        N/A       2%          3
 Airstrike                Air            8%         2d(2-18)  10%         4
 Ice Form                 Ice/Tmut       16%        N/A       10%         4
 Simulacrum               Ice/Necr       8%         N/A       82%         6
 Malign Gateway           Summ/Tloc      8%         N/A       100%        7
 Summon Horrible Things   Summ           8%         N/A       100%        8


Dungeon Overview and Level Annotations

Branches:
Dungeon (1/1)

Altars:
Ashenzari
Cheibriados
Dithmenos
Elyvilon
Fedhas
Gozag
Hepliaklqana
Kikubaaqudgha
Makhleb
Nemelex Xobeh
Okawaru
Qazlal
Ru
Sif Muna
Trog
Uskayaw
Vehumet
Wu Jian
Xom
Yredelemnul
Zin
The Shining One
Jiyva
Lugonu


Innate Abilities, Weirdness & Mutations

You have very sharp teeth.
Your uncanny sense of smell can sniff out nearby items.
Your experience applies equally to all skills.


Message History

Your Shields skill increases to level 8!
Your Unarmed Combat skill increases to level 9!
Your Spellcasting skill increases to level 8!
Your Invocations skill increases to level 9!
Your Evocations skill increases to level 8!
You shoot a bolt.
The bolt hits the deep elf pyromancer!!!
You kill the deep elf pyromancer!
The deep elf pyromancer mumbles some strange words.
The deep elf pyromancer blinks!
The deep elf zephyrmancer casts a spell.
The deep elf zephyrmancer blinks!
The deep elf knight hits you with a +0 scimitar.
The fire elemental barely misses you.
The deep elf knight completely misses you.
The deep elf pyromancer points at you and mumbles some strange words.
The sticky flame hits you.
You are covered in liquid flames!
Your Conjurations skill increases to level 7!
Your Hexes skill increases to level 7!
Your Summonings skill increases to level 7!
Your Necromancy skill increases to level 7!
Your Translocations skill increases to level 7!
Your Transmutations skill increases to level 7!
Your Fire Magic skill increases to level 7!
Your Ice Magic skill increases to level 7!
Your Air Magic skill increases to level 7!
Your Earth Magic skill increases to level 7!
Your Poison Magic skill increases to level 7!
You shoot a bolt. The bolt hits the deep elf knight!!!
The deep elf knight is almost dead.
You are covered in liquid flames!
The fire elemental hits you. The fire elemental burns you!
The fire elemental hits you. The fire elemental burns you!
The deep elf knight hits you with a +0 scimitar!!
* * * LOW HITPOINT WARNING * * *
The deep elf pyromancer points at you and mumbles some strange words.
The sticky flame misses you. The fire elemental closely misses you.
The deep elf knight hits you with a +0 scimitar!!
You die...

∆∆∆∆
▓..=)/..▓
∆∆∆
▓..)/=..▓
▓.......▓
▓.......▓
▓..°....▓
..e°...
▓.▓.eE▓.▓
▓.e.@...▓
▓▓▓▓▓▓▓▓▓
∆ ∆∆∆ ∆∆∆


You could see a deep elf knight, a deep elf pyromancer, a deep elf zephyrmancer
and a fire elemental (summoned).

Vanquished Creatures
  A dancing weapon (D)
  2 deep elf pyromancers (D)
  A tarantella (D)
  A spriggan (D)
  3 fire elementals (D)
  A hell hound (D)
  2 black bears (D)
  A wolf (D)
  3 ogres (D)
  A necrophage (D)
  3 scorpions (D)
  A bat zombie (D)
  A fire vortex (D)
21 creatures vanquished.

Notes
Turn   | Place    | Note
-------+----------+-------------------------------------------
     0 | D        | Heoruswealwe the Gnoll Hunter began the quest for the Orb.
     0 | D        | Reached XP level 1. HP: 20/20 MP: 1/1
     2 | D        | Found a blossoming altar of Fedhas.
     2 | D        | Found the +6 Majin-Bo {spellvamp, MP+6 Int+6}
     2 | D        | Found the +27 heavy crossbow "Sniper" {heavy, Acc+∞ SInv}
     2 | D        | Found the +10 dark maul {heavy}
     2 | D        | Found the +15 Maxwell's patent armour {-Cast -Tele rElec
                  | Will+ rCorr}
     2 | D        | Found the +18 shield of the Gong {Loud rN+ Will+ rCorr
                  | EV-5}
     2 | D        | Found the +16 obsidian axe {drain, demonic, Mesm Drain Fly
                  | SInv}
     2 | D        | Found the +7 great mace "Firestarter" {flame, immolate,
                  | rFlCloud rF++}
     2 | D        | Found the +6 shillelagh "Devastator" {shatter}
     2 | D        | Found the +11 plutonium sword {Contam Stlth-}
     2 | D        | Found the +8 lance "Wyrmbane" {slay drac, rPois rF+ rC+
                  | AC+3}
     2 | D        | Found the +9 sword of Zonguldrok {reap}
     2 | D        | Found the +13 scythe of Curses {drain, curses, Drain}
     2 | D        | Found the +9 sword of Power {lifebolt}
     2 | D        | Found the +7 mace of Variability {chaos, chaos arc}
     2 | D        | Found the +11 Singing Sword {sonic wave}
     2 | D        | Found the +8 storm bow {elec, penet}
     5 | D        | Found a shimmering blue altar of Sif Muna.
     5 | D        | Found a sacrificial altar of Ru.
     5 | D        | Found a bloodstained altar of Trog.
     5 | D        | Found a stormy altar of Qazlal.
     5 | D        | Found an iron altar of Okawaru.
     5 | D        | Found a sparkling altar of Nemelex Xobeh.
     7 | D        | Found a transporter.
     7 | D        | Found an ancient bone altar of Kikubaaqudgha.
     7 | D        | Found a viscous altar of Jiyva.
     7 | D        | Found a corrupted altar of Lugonu.
     7 | D        | Found a hazy altar of Hepliaklqana.
     7 | D        | Found a burning altar of Makhleb.
     7 | D        | Found an opulent altar of Gozag.
   113 | D        | Reached skill level 5 in Fighting
   113 | D        | Reached skill level 5 in Dodging
   113 | D        | Reached XP level 2. HP: 27/27 MP: 1/5
   178 | D        | Entered arena 2.
   178 | D        | Noticed a necrophage
   178 | D        | Found a transporter.
   179 | D        | Killed a necrophage
   180 | D        | Reached skill level 9 in Ranged Weapons
   180 | D        | Reached XP level 3. HP: 34/34 MP: 5/7
   180 | D        | Reached XP level 4. HP: 40/40 MP: 5/8
   205 | D        | Entered arena 3.
   205 | D        | Noticed an ogre
   205 | D        | Noticed an ogre
   205 | D        | Noticed an ogre
   205 | D        | Found a transporter.
   206 | D        | Killed an ogre
   207 | D        | Reached XP level 5. HP: 46/46 MP: 8/11
   208 | D        | Killed an ogre
   209 | D        | Reached skill level 5 in Stealth
   209 | D        | Reached skill level 5 in Invocations
   209 | D        | Reached XP level 6. HP: 53/53 MP: 8/12
   210 | D        | Reached skill level 5 in Short Blades
   210 | D        | Reached skill level 5 in Long Blades
   210 | D        | Reached skill level 5 in Axes
   210 | D        | Reached skill level 5 in Maces & Flails
   210 | D        | Reached skill level 5 in Polearms
   210 | D        | Reached skill level 5 in Staves
   210 | D        | Reached skill level 5 in Throwing
   210 | D        | Reached skill level 5 in Armour
   210 | D        | Reached skill level 5 in Shields
   210 | D        | Reached skill level 5 in Unarmed Combat
   210 | D        | Reached skill level 5 in Spellcasting
   210 | D        | Reached skill level 5 in Evocations
   241 | D        | Entered arena 4.
   241 | D        | Noticed a black bear
   241 | D        | Noticed a spriggan
   241 | D        | Noticed a black bear
   241 | D        | Found a transporter.
   243 | D        | Reached skill level 10 in Ranged Weapons
   243 | D        | Killed a black bear
   244 | D        | Reached XP level 7. HP: 10/60 MP: 13/15
   246 | D        | Killed a spriggan
   248 | D        | Reached skill level 5 in Conjurations
   248 | D        | Reached skill level 5 in Hexes
   248 | D        | Reached skill level 5 in Summonings
   248 | D        | Reached skill level 5 in Necromancy
   248 | D        | Reached skill level 5 in Translocations
   248 | D        | Reached skill level 5 in Transmutations
   248 | D        | Reached skill level 5 in Fire Magic
   248 | D        | Reached skill level 5 in Ice Magic
   248 | D        | Reached skill level 5 in Air Magic
   248 | D        | Reached skill level 5 in Earth Magic
   248 | D        | Reached skill level 5 in Poison Magic
   334 | D        | Entered arena 5.
   334 | D        | Noticed a tarantella
   334 | D        | Found a transporter.
   336 | D        | Killed a tarantella
   337 | D        | Reached XP level 8. HP: 68/68 MP: 17/17
   351 | D        | Entered arena 6.
   351 | D        | Found a transporter.
   354 | D        | Reached skill level 11 in Ranged Weapons
   372 | D        | Entered arena 7.
   372 | D        | Noticed a deep elf pyromancer
   372 | D        | Noticed a deep elf knight
   372 | D        | Noticed a +8 heavy flail
   372 | D        | Noticed a deep elf pyromancer
   372 | D        | Noticed a deep elf zephyrmancer
   372 | D        | Noticed a deep elf pyromancer
   373 | D        | Killed a deep elf pyromancer
   374 | D        | Reached XP level 9. HP: 76/76 MP: 20/20
   374 | D        | Killed a +8 heavy flail
   375 | D        | Killed a deep elf pyromancer
   376 | D        | Mangled by a deep elf knight

Illustrated notes

Levels and vault maps discovered:
D:        sprint_v [room_start, room_1, room_2, room_3, room_4, room_5, room_6,
          room_7, room_8, room_9, room_10, room_11, room_12, room_13, room_14,
          room_15, room_16, room_17, room_18, room_19, room_20, room_21,
          room_22, room_23, room_24, room_25, room_26, room_27]

Skill      XL: |  1  2  3  4  5  6  7  8  9 |
---------------+----------------------------+-----
Fighting       | 5 6 7 8 9 |  9.7
Short Blades   | 2 3 4 5 6 7 8 |  8.5
Long Blades    | 2 3 4 5 6 7 8 |  8.5
Axes           | 2 3 4 5 6 7 8 |  8.5
Maces & Flails | 2 3 4 5 6 7 8 |  8.5
Polearms       | 2 3 4 5 6 7 8 |  8.5
Staves         | 2 3 4 5 6 7 8 |  8.5
Throwing       | 2 3 4 5 6 7 8 |  8.5
Armour         | 2 3 4 5 6 7 8 |  8.5
Dodging        | 5 6 7 8 9 |  9.7
Stealth        | 3 4 5 6 7 8 |  8.9
Shields        | 2 3 4 5 6 7 8 |  8.5
Unarmed Combat | 2 3 4 5 6 8 9 |  9.5
Spellcasting   | 2 3 4 5 6 7 8 |  8.5
Conjurations   | 2 3 4 5 6 7 |  7.1
Hexes          | 2 3 4 5 6 7 |  7.1
Summonings     | 2 3 4 5 6 7 |  7.1
Necromancy     | 2 3 4 5 6 7 |  7.1
Translocations | 2 3 4 5 6 7 |  7.1
Transmutations | 2 3 4 5 6 7 |  7.1
Fire Magic     | 2 3 4 5 6 7 |  7.1
Ice Magic      | 2 3 4 5 6 7 |  7.1
Air Magic      | 2 3 4 5 6 7 |  7.1
Earth Magic    | 2 3 4 5 6 7 |  7.1
Poison Magic   | 2 3 4 5 6 7 |  7.1
Invocations    | 2 3 4 5 6 7 8 9 |  9.3
Evocations     | 2 3 4 5 6 7 8 |  8.5
Ranged Weapons | 9 10 11 | 11.9

Action                     |  1- 3 |  4- 6 |  7- 9 || total
---------------------------+-------+-------+-------++-------
   Fire: Heavy crossbow    |     1 |     7 |    16 ||    24
    Use: Potion            |     1 |       |     2 ||     3
 Armour: Robe              |       |       |     1 ||     1
  Dodge: Dodged            |       |    11 |    19 ||    30
